 Dungeon Crawl Stone Soup version 0.25.1-8-g42b30a86e7 (webtiles) character file.

Game seed: 15725908280928894338

378 Gabide the Cudgeler (level 6, -1/72 HPs)
             Began as a Demonspawn Abyssal Knight on Dec 11, 2020.
             Was a Believer of Lugonu.
             Slain by a gnoll
             ... wielding a +0 spear
              (4 damage)
             ... on level 4 of the Dungeon.
             The game lasted 00:07:08 (4277 turns).

Gabide the Cudgeler (Demonspawn Abyssal Knight)     Turns: 4277, Time: 00:07:08

Health: -1/72      AC: 23    Str: 15    XL:     6   Next: 45%
Magic:  8/8        EV:  2    Int: 13    God:    Lugonu [**....]
Gold:   148        SH:  0    Dex: 12    Spells: 5/5 levels left

rFire    . . .     SeeInvis .   a - +1 mace
rCold    . . .     Gourm    .   (no shield)
rNeg     + + +     Faith    .   (armour currently unavailable)
rPois    +         Spirit   .   (helmet currently unavailable)
rElec    .         Reflect  .   (cloak currently unavailable)
rCorr    .         Harm     .   (gloves currently unavailable)
MR       .....     NoTele   +   (boots currently unavailable)
Stlth    +.........             (no amulet)
HPRegen  0.22/turn              (no ring)
MPRegen  0.11/turn              (no ring)

@: lethally poisoned (-1 -> -2), tree-form
A: no striking features
a: Depart the Abyss, Bend Space, Renounce Religion


You were on level 4 of the Dungeon.
You worshipped Lugonu.
Lugonu was pleased with you.
You were not hungry.
You were a tree.
You visited 1 branch of the dungeon, and saw 4 of its levels.
You visited the Abyss 1 time.
You also visited: Sewer.

You collected 148 gold pieces.

Inventory:

Hand Weapons
 a - a +1 mace (weapon)
Armour
 b - a +1 leather armour
 h - a +2 hat
 s - a +0 ring mail (melded)
Wands
 l - a wand of acid (4)
Scrolls
 f - a scroll of magic mapping
 m - a scroll of blinking
Potions
 k - 2 potions of brilliance {unknown}
 q - a potion of haste {unknown}
 r - 2 potions of cancellation
Comestibles
 c - 8 rations


   Skills:
 + Level 4.0 Fighting
 * Level 4.6 Maces & Flails
 * Level 1.5 Throwing
 + Level 2.3 Armour
 + Level 1.3 Dodging
 * Level 3.7 Invocations


You had 5 spell levels left.
You didn't know any spells.
Your spell library was empty.

Dungeon Overview and Level Annotations

Branches:
Dungeon (4/15)              Sewer (visited)
 Temple: D:4-7

Altars:
Dithmenos
Kikubaaqudgha
Vehumet
Yredelemnul


Innate Abilities, Weirdness & Mutations

((You have large cloven feet.))
((Your movements are slightly less encumbered by armour. (ER -2)))


Message History

You feel sick. The gnoll hits you but does no damage.
The gnoll hits you from afar with a +0 spear.
* * * LOW HITPOINT WARNING * * *
You feel sick.
The gnoll hits you but does no damage. x2
The gnoll hits you but does no damage. x2
You feel sick. The gnoll completely misses you.
The gnoll hits you but does no damage.
You feel sick.
The gnoll hits you from afar with a +0 spear.
* * * LOW HITPOINT WARNING * * *
The gnoll hits you but does no damage.
You feel sick.
The gnoll hits you but does no damage. x2
The gnoll hits you but does no damage. x2
You feel sick. The gnoll hits you but does no damage.
The gnoll hits you from afar with a +0 spear.
* * * LOW HITPOINT WARNING * * *
The gnoll hits you but does no damage. x2
You feel sick.
The gnoll hits you from afar with a +0 spear.
You die...

.#.P #.###≈. .^^. #.#.#≈.
.P... #...#≈≈ ....P #...'##
..^.## #...... #.P.(.P
#...... ##g..# #....## .##.
##)gs.# #...... .....
##♣##.## #...... ..#... #^÷#
s# #...... ..... #^#### #
#..)... #...# ##.#..#
#...... ##....###^.#..##
#...... #.........##...#
#......
#......####....#######..##..
#........(.......##...#.#...
#...................###.##..


You could see a scorpion and 2 gnolls.

Vanquished Creatures
  4 scorpions (D:4)
  2 hound skeletons (D:4)
  7 adders
  2 gnolls (D:4)
  A river rat (Sewer)
  An ooze (D:4)
  3 worms
  A leopard gecko (D:1)
  2 orcs (D:3)
  6 ball pythons
  A giant cockroach (D:1)
  7 goblins
  5 hobgoblins
  9 bats
  5 frilled lizards (Sewer)
  5 kobolds
  A leopard gecko skeleton (D:2)
  15 rats
77 creatures vanquished.

Vanquished Creatures (others)
  2 fungi (D:4)
2 creatures vanquished.

Grand Total: 79 creatures vanquished

Notes
Turn   | Place    | Note
-------+----------+-------------------------------------------
     0 | Abyss:1  | Gabide the Demonspawn Abyssal Knight began the quest for
                  | the Orb.
     0 | Abyss:1  | Reached XP level 1. HP: 18/18 MP: 2/2
    35 | Abyss:1  | Noticed a large abomination
    36 | D:1      | Escaped the Abyss
   298 | D:1      | Reached * piety under Lugonu
   508 | D:1      | Gained mutation: You have large cloven feet. [demonic
                  | ancestry]
   508 | D:1      | Reached XP level 2. HP: 24/24 MP: 3/3
  1360 | D:2      | Reached XP level 3. HP: 29/29 MP: 5/5
  2055 | D:2      | Found a shadowy altar of Dithmenos.
  2134 | D:2      | Gained mutation: Your movements are slightly less
                  | encumbered by armour. (ER -2) [demonic ancestry]
  2134 | D:2      | Reached XP level 4. HP: 32/37 MP: 6/6
  2352 | D:3      | Reached skill level 1 in Dodging
  2405 | D:3      | Found a glowing drain.
  2484 | Sewer    | Entered a sewer
  2565 | Sewer    | Reached ** piety under Lugonu
  3278 | D:3      | Found an ancient bone altar of Kikubaaqudgha.
  3461 | D:3      | You fall into a shaft and drop 1 floor!
  3616 | D:3      | Found a basalt altar of Yredelemnul.
  3619 | D:3      | Found a radiant altar of Vehumet.
  3718 | D:4      | Reached XP level 5. HP: 37/42 MP: 7/7
  3994 | D:4      | Reached skill level 1 in Throwing
  4007 | D:4      | Reached XP level 6. HP: 19/48 MP: 8/8
  4277 | D:4      | HP: 3/72 [poisoned by a scorpion]
  4277 | D:4      | Slain by a gnoll

Illustrated notes

Levels and vault maps discovered:
D:1:      matt_arrival_spirals, layout_loops_ring, supply_closet_lemuel
D:2:      layout_basic, first_ration, grunt_dithmenos_smoke
D:3:      layout_basic, minmay_overflow_temple_star_quad,
          cheibrodos_sewer_entry_bend
D:4:      old_forge, layout_cave_pools, serial_rivers,
          chequers_serial_rivers_micro_e, chequers_serial_rivers_room_a,
          chequers_serial_rivers_large_b, chequers_serial_rivers_micro_a

Skill      XL: |  1  2  3  4  5 |
---------------+----------------+-----
Maces & Flails | 2 3 4 |  4.6
Armour         | 2 |  2.3
Invocations    | 3 |  3.7
Dodging        | 1 |  1.3
Fighting       | 4 |  4.0
Throwing       | 1 |  1.5

Action                   |  1- 3 |  4- 6 || total
-------------------------+-------+-------++-------
Melee: Mace              |    92 |   139 ||   231
       Kick              |    15 |    38 ||    53
Throw: Javelin           |       |     6 ||     6
       Throwing net      |       |     3 ||     3
Invok: Depart the Abyss  |     1 |       ||     1
Evoke: Wand              |       |     2 ||     2
  Use: Scroll            |     4 |     8 ||    12
       Potion            |       |     6 ||     6
  Eat: Chunk             |     4 |     7 ||    11
Armor: Leather armour    |    18 |    18 ||    36
       Ring mail         |       |    39 ||    39
       Skin              |       |    16 ||    16
Dodge: Dodged            |    57 |   109 ||   166
